 Dungeon Crawl Stone Soup version 0.28-a0-622-gbaef9634d7 (webtiles) character file.

Game seed: 4985119684804841172

42 tilp the Magician (level 3, 0/14 HPs)
             Began as a Felid Hedge Wizard on Oct 7, 2021.
             Slain by a jackal (2 damage)
             ... on level 2 of the Dungeon.
             The game lasted 00:01:38 (1803 turns).

tilp the Magician (Felid Hedge Wizard)              Turns: 1803, Time: 00:01:39

Health: 0/14       AC:  1    Str:  6    XL:     3   Next: 33%
Magic:  3/8        EV: 17    Int: 16    God:
Gold:   33         SH:  0    Dex: 15    Spells: 1/8 levels left
                                        Lives:  0   Deaths: 0

rFire   . . .      SeeInvis +   (weapon unavailable)
rCold   . . .      Faith    .   (shield unavailable)
rNeg    . . .      Spirit   .   (armour unavailable)
rPois   .          Reflect  .   (helmet unavailable)
rElec   .          Harm     .   (cloak unavailable)
rCorr   .          Rampage  .   (gloves unavailable)
Will    .....                   (boots unavailable)
Stlth   ++........              (no amulet)
HPRegen 0.04/turn               (no ring)
MPRegen 0.11/turn               (no ring)

@: quick
A: very small, claws 1, fangs 3, see invisible, speed 1, shaggy fur 1, stealthy
paws, no weapons or thrown items, no armour, multi-lived
a: no special abilities


You were on level 2 of the Dungeon.
You visited 1 branch of the dungeon, and saw 2 of its levels.

You collected 33 gold pieces.

Inventory:

Scrolls
 a - 2 scrolls of identify
Potions
 b - a potion of curing {unknown}
 c - a potion of invisibility {unknown}


   Skills:
 - Level 2.6 Dodging
 - Level 2.6 Stealth
 - Level 3.0 Spellcasting
 + Level 3.0 Conjurations
 - Level 1.0 Summonings
 - Level 1.5 Translocations


You had one spell level left.
You knew the following spells:

 Your Spells              Type           Power      Damage    Failure   Level
a - Magic Dart            Conj           48%        1d5       5%          1
b - Call Imp              Summ           5%         N/A       19%         2
c - Blink                 Tloc           N/A        N/A       16%         2
d - Slow                  Hex            2%         N/A       28%         2

Your spell library contained the following spells:

 Spells                   Type           Power      Damage    Failure   Level
 Conjure Flame            Conj/Fire      7%         6-21      30%         3
 Mephitic Cloud           Conj/Pois/Air  5%         N/A       36%         3


Dungeon Overview and Level Annotations

Branches:
Dungeon (2/15)

Altars:


Innate Abilities, Weirdness & Mutations

You have sharp claws.
You have razor-sharp teeth.
You have supernaturally acute eyesight. (SInv)
You cover ground quickly. (Speed+)
You are covered in fur. (AC +1)
Your paws help you pounce on unaware monsters.
You are incapable of wielding weapons or throwing items.
You cannot wear armour.
You gain extra lives every three experience levels.


Message History

You scratch the jackal.
The jackal is heavily wounded.
The jackal bites you.
* * * LOW HITPOINT WARNING * * *
You scratch the jackal but do no damage.
The jackal is heavily wounded.
The jackal bites you.
* * * LOW HITPOINT WARNING * * *
The jackal misses you.
Casting: Magic Dart (safe; 5% risk of failure)
Confirm with . or Enter, or press ? or * to list all spells.
Aiming: Magic Dart (safe; 5% risk of failure)
Press: ? - help, Shift-Dir - straight line, f - jackal
Aim: a jackal (heavily wounded, 100% to hit)
The magic dart hits the jackal but does no damage.
The jackal is heavily wounded.
The jackal barely misses you.
Unknown command.
The jackal misses you. The jackal barely misses you.
Casting: Magic Dart (safe; 5% risk of failure)
Confirm with . or Enter, or press ? or * to list all spells.
Aiming: Magic Dart (safe; 5% risk of failure)
Press: ? - help, Shift-Dir - straight line, f/p - jackal
Aim: a jackal (moderately wounded, 100% to hit)
The magic dart hits the jackal.
The jackal is heavily wounded.
The jackal closely misses you.
Unknown command.
The jackal barely misses you. The jackal completely misses you.
The jackal closely misses you.
A ball python comes into view.
The ball python hisses angrily.
Found 11 gold pieces.
The ball python misses you. The ball python grabs you.
The ball python constricts you.
* * * LOW HITPOINT WARNING * * *
You escape the ball python's grasp.
The jackal bites you.
You die...

## ## ###$ .### ...#...
#...# ####S####
#....h@<# #.#####.#
###.# #.#######. #...#
#.........
#.#.#####.########
#.#.......# . #.......#
## #.......#######
#.............#########


You could see a jackal and a ball python.

Vanquished Creatures
  A dart slug (D:1)
  5 ball pythons (D:1)
  7 endoplasms
  A giant cockroach (D:1)
  4 goblins (D:1)
  4 hobgoblins (D:1)
  2 jackals (D:2)
  2 quokkas (D:1)
  A bat (D:2)
  2 frilled lizards
  2 kobolds (D:1)
  2 rats (D:1)
33 creatures vanquished.

Notes
Turn   | Place    | Note
-------+----------+-------------------------------------------
     0 | D:1      | tilp the Felid Hedge Wizard began the quest for the Orb.
     0 | D:1      | Reached XP level 1. HP: 7/7 MP: 5/5
    20 | D:1      | Reached skill level 1 in Conjurations
   438 | D:1      | Reached XP level 2. HP: 11/11 MP: 2/7
  1267 | D:1      | Reached XP level 3. HP: 14/14 MP: 5/8
  1270 | D:1      | Learned a level 2 spell: Call Imp
  1273 | D:1      | Learned a level 2 spell: Blink
  1279 | D:1      | Learned a level 2 spell: Slow
  1803 | D:2      | Slain by a jackal

Illustrated notes

Levels and vault maps discovered:
D:1:      mrwooster_arrival_statue, layout_loops_ring
D:2:      layout_loops_ring, minmay_fractal_squares_gapless_5

Skill      XL: |  1  2  3 |
---------------+----------+-----
Conjurations   | 1 2 3 |  3.0
Dodging        | |  2.6
Stealth        | |  2.6
Spellcasting   | |  3.0
Summonings     | |  1.0
Translocations | |  1.5

Action                   || total
-------------------------++-------
Melee: Unarmed           ||    18
       Bite              ||     2
 Cast: Magic Dart        ||    91
  Use: Scroll            ||     1
Armor: Skin              ||     3
Dodge: Dodged            ||    31

Table legend: (Time is in decaauts)
 A = Elapsed time spent in this place.
 B = Non-inter-level travel time spent in this place.
 C = Inter-level travel time spent in this place.
 D = Time resting spent in this place.
 E = Time spent auto-exploring this place.
 F = Levels seen in this place.
 G = Mean time per level.
                   A        B        C        D        E       F      G
               +--------+--------+--------+--------+--------+-----+--------+
         Total |   1669 |   1658 |     11 |      0 |   1449 |   2 |  834.5 |
       Dungeon |   1669 |   1658 |     11 |      0 |   1449 |   2 |  834.5 |
               +--------+--------+--------+--------+--------+-----+--------+

Top non-repeatable levels by time:
     D:1: 1481 daAuts
     D:2: 187 daAuts
